 Dungeon Crawl Stone Soup version 0.29.1-15-g9cfb28693d (webtiles) character file.

Game seed: 13814533615569490949

686 protoss039 the Digger (level 7, -1/52 HPs)
             Began as a Demonspawn Earth Elementalist on Mar 12, 2023.
             Slain by an ogre
             ... wielding a +0 giant club
              (16 damage)
             ... on level 5 of the Dungeon.
             The game lasted 00:05:14 (5999 turns).

protoss039 the Digger (DsEE)                        Turns: 5999, Time: 00:05:15

Health: -1/52      AC:  9    Str:  8    XL:     7   Next: 35%
Magic:  10/12      EV: 10    Int: 18    God:
Gold:   372        SH:  0    Dex: 16    Spells: 7/13 levels left

rFire   . . .      SeeInvis .   c - +0 dagger
rCold   . . .      Faith    .   (no shield)
rNeg    . . .      Spirit   .   l - +0 ring mail
rPois   .          Reflect  .   (no helmet)
rElec   .          Harm     .   r - +1 cloak
rCorr   .          Rampage  .   d - +0 pair of gloves
Will    .....                   (no boots)
Stlth   ++........              (no amulet)
HPRegen 0.17/turn               (no ring)
MPRegen 0.13/turn               (no ring)

@: no status effects
A: claws 1, thin skeletal structure 1, demonic magic 1
a: no special abilities


You were on level 5 of the Dungeon.
You visited 1 branch of the dungeon, and saw 5 of its levels.

You collected 372 gold pieces.

Inventory:

Hand Weapons
 c - a +0 dagger (weapon)
Missiles
 m - 3 silver javelins
Armour
 d - a +0 pair of gloves (worn)
 l - a +0 ring mail (worn)
 r - a +1 cloak (worn)
Wands
 n - a wand of roots (17)
 p - a wand of mindburst (11)
Scrolls
 a - a scroll of enchant armour
 e - a scroll of magic mapping
 g - a scroll of teleportation
 h - 4 scrolls of fear
 j - a scroll of summoning
 k - a scroll of identify
 o - a scroll of immolation
 s - a scroll of vulnerability {unknown}
 w - a scroll of torment {unknown}
Potions
 b - a potion of magic
 f - 4 potions of heal wounds
 i - a potion of mutation {unknown}
 q - a potion of brilliance {unknown}
 u - a potion of flight {unknown}
 v - a potion of curing {unknown}


   Skills:
 + Level 3.4 Fighting
 * Level 3.3 Armour
 - Level 1.7 Dodging
 - Level 1.7 Stealth
 + Level 3.8 Spellcasting
 + Level 2.3 Conjurations
 - Level 0.8 Transmutations
 + Level 4.3 Earth Magic


You had 7 spell levels left.
You knew the following spells:

 Your Spells              Type           Power      Damage    Failure   Level
a - Sandblast             Erth           38%        2d10      7%          1
b - Passwall              Tmut/Erth      10%        N/A       22%         2
c - Stone Arrow           Conj/Erth      30%        3d8       32%         3

Your spell library contained the following spells:

 Spells                   Type           Power      Damage    Failure   Level
 Petrify                  Tmut/Erth      12%        N/A       82%         4


Dungeon Overview and Level Annotations

Branches:
Dungeon (5/15) Zot: 23933
 Temple: D:4-7

Altars:
Hepliaklqana
Qazlal

Annotations:
D:5 Menkaure


Innate Abilities, Weirdness & Mutations

You have sharp fingernails.
You have a somewhat thin skeletal structure. (Dex +2, Stealth+)
Spells you cast may paralyse adjacent enemies.


Message History

Okay, then.
Magic restored.
n - a wand of roots (17) (gained 8 charges)
A hound comes into view.
Unknown command.
A hound is nearby!
A hound is nearby!
Casting: Sandblast (safe; 7% risk of failure)
Confirm with . or Enter, or press ? or * to list all spells.
Aiming: Sandblast (safe; 7% risk of failure)
Press: ? - help, Shift-Dir - straight line, f - you
Okay, then.
An ogre comes into view. It is wielding a +0 giant club.
The ogre shouts!
You hear an angry hiss.
Menkaure, Prince of Dust comes into view.
You see here a +2 falchion of distortion.
Casting: Sandblast (safe; 7% risk of failure)
Confirm with . or Enter, or press ? or * to list all spells.
Aiming: Sandblast (safe; 7% risk of failure)
Press: ? - help, Shift-Dir - straight line, f - ogre
Aim: an ogre, wielding a +0 giant club (91% to hit)
The blast of sand hits the ogre!
The ogre is heavily wounded.
Malevolent energies surge around you.
Menkaure shouts!
The hound barks!
Menkaure calls on the powers of darkness!
The ogre convulses!
The hound convulses!
Your body is wracked with pain!
The ogre barely misses you. The hound closely misses you.
Casting: Sandblast (safe; 7% risk of failure)
Confirm with . or Enter, or press ? or * to list all spells.
Aiming: Sandblast (safe; 7% risk of failure)
Press: ? - help, Shift-Dir - straight line, f/p - ogre
Aim: an ogre, wielding a +0 giant club (severely wounded, 91% to hit)
The blast of sand misses the ogre.
Malevolent energies surge around you.
The hound suddenly stops moving!
Menkaure calls on the powers of darkness!
The ogre convulses!
The hound convulses!
Your body is wracked with pain!
* * * LOW HITPOINT WARNING * * *
The ogre hits you with a +0 giant club!
You die...

...............
...............#
....M..........#
...............#
...............#
...............#
......Oh.......#
.......@.......#
...............#
...............#
...............#
...............#
...............#
...............#
...............#
..............###


You could see an ogre, Menkaure and a hound (paralysed).

Vanquished Creatures
  An ogre (D:4)
  A necrophage (D:4)
  A scorpion (D:4)
  A howler monkey (D:4)
  A hound (D:4)
  5 orc priests
  Crazy Yiuf (D:3)
  3 orc wizards
  7 adders
  3 gnolls (D:2)
  3 worms
  A dart slug (D:1)
  7 orcs
  8 endoplasms
  A giant cockroach (D:1)
  11 goblins
  4 hobgoblins
  2 jackals (D:3)
  3 kobolds
  2 quokkas
  10 ball pythons
  5 bats
  3 frilled lizards
  5 rats
89 creatures vanquished.

Vanquished Creatures (others)
  An orc wizard (D:3)
  4 fungi (D:3)
5 creatures vanquished.

Grand Total: 94 creatures vanquished

Notes
Turn   | Place    | Note
-------+----------+-------------------------------------------
     0 | D:1      | protoss039 the Demonspawn Earth Elementalist began the
                  | quest for the Orb.
     0 | D:1      | Reached XP level 1. HP: 13/13 MP: 3/3
   311 | D:1      | Gained mutation: Spells you cast may paralyse adjacent
                  | enemies. [demonic ancestry]
   311 | D:1      | Reached XP level 2. HP: 20/20 MP: 0/5
   612 | D:1      | Found a faded altar of an unknown god.
   615 | D:1      | Reached skill level 1 in Fighting
   615 | D:1      | Reached skill level 3 in Earth Magic
  1172 | D:1      | Learned a level 2 spell: Passwall
  1187 | D:2      | Gained mutation: You have sharp fingernails. [demonic
                  | ancestry]
  1187 | D:2      | Reached XP level 3. HP: 26/26 MP: 0/6
  1946 | D:2      | Reached XP level 4. HP: 12/33 MP: 4/8
  2406 | D:2      | Found a hazy altar of Hepliaklqana.
  2646 | D:2      | Learned a level 3 spell: Stone Arrow
  3120 | D:3      | Found a stormy altar of Qazlal.
  3569 | D:3      | Reached skill level 1 in Armour
  3569 | D:3      | Reached XP level 5. HP: 9/39 MP: 4/9
  4125 | D:3      | Found a runed translucent door.
  4126 | D:3      | Noticed Crazy Yiuf
  4132 | D:3      | Killed Crazy Yiuf
  4205 | D:4      | Reached skill level 1 in Conjurations
  4246 | D:4      | Gained mutation: You have a somewhat thin skeletal
                  | structure. (Dex +2, Stealth+) [demonic ancestry]
  4246 | D:4      | Reached XP level 6. HP: 10/46 MP: 2/10
  4532 | D:4      | Reached skill level 4 in Earth Magic
  5100 | D:4      | Reached XP level 7. HP: 52/52 MP: 7/12
  5961 | D:5      | Entered Level 5 of the Dungeon
  5995 | D:5      | Noticed Menkaure
  5999 | D:5      | Slain by an ogre

Illustrated notes

Levels and vault maps discovered:
D:1:      dpeg_arrival_tiny_j, layout_loops_corners,
          hellmonk_ecumenical_altar_leap_of_faith
D:2:      layout_basic, basic_altar
D:3:      layout_basic, grunt_qazlal_clouds, dreamdust_mushroom_princess,
          minmay_misc_feat_hallway, minmay_diced_spiral, uniq_crazy_yiuf_cottage
D:4:      layout_layer_cave, dreamdust_wishing_well, kennysheep_orc_chapel
D:5:      layout_basic, lemuel_coloured_pillars_altar, uniq_blork_the_orc,
          uniq_menkaure

Skill      XL: |  1  2  3  4  5  6 |
---------------+-------------------+-----
Fighting       | 1 2 3 |  3.4
Earth Magic    | 3 4 |  4.3
Spellcasting   | 3 |  3.8
Armour         | 1 3 |  3.3
Conjurations   | 1 2 |  2.3
Dodging        | |  1.7
Stealth        | |  1.7
Transmutations | |  0.8

Action                   |  1- 3 |  4- 6 |  7- 9 || total
-------------------------+-------+-------+-------++-------
Melee: Dagger            |     9 |    32 |       ||    41
 Cast: Sandblast         |    44 |    78 |    13 ||   135
  Use: Scroll            |       |     5 |     2 ||     7
 Stab: Paralysed         |     1 |     9 |       ||    10
       Sleeping          |     1 |       |       ||     1
Armor: Ring mail         |     4 |    23 |       ||    27
Dodge: Dodged            |    10 |    24 |     5 ||    39
